 Dungeon Crawl Stone Soup version 0.23-a0-393-g6e9e0f2070 (webtiles) character file.

456 Notair the Chopper (level 6, 0/56 HPs)
             Began as a Minotaur Gladiator on Oct 31, 2018.
             Slain by a killer bee (7 damage)
             ... on level 4 of the Dungeon.
             The game lasted 00:04:45 (2456 turns).

Notair the Chopper (Minotaur Gladiator)             Turns: 2456, Time: 00:04:45

Health: 0/56       AC:  8    Str: 19    XL:     6   Next: 77%
Magic:  5/5        EV: 12    Int:  7    God:
Gold:   221        SH:  0    Dex: 11    Spells: 5/5 levels left

rFire    . . .     SeeInvis .   a - +0 war axe
rCold    . . .     Gourm    .   (no shield)
rNeg     . . .     Faith    .   e - +0 ring mail
rPois    .         Spirit   .   c - +0 hat
rElec    .         Reflect  .   q - +2 cloak
rCorr    .         Harm     .   (no gloves)
MR       .....                  (no boots)
Stlth    +.........             (no amulet)
HPRegen  0.18/turn              (no ring)
MPRegen  0.09/turn              (no ring)

@: invisible
A: retaliatory headbutt, horns 2
a: no special abilities


You were on level 4 of the Dungeon.
You were very hungry.

You visited 1 branch of the dungeon, and saw 4 of its levels.

You collected 221 gold pieces.

Inventory:

Hand Weapons
 a - a +0 war axe (weapon)
 d - a +0 hunting sling
Missiles
 v - 3 throwing nets (quivered)
 w - 21 sling bullets
Armour
 c - a +0 hat (worn)
 e - a +0 ring mail (worn)
 q - a +2 cloak (worn)
Jewellery
 s - an uncursed ring of wizardry {unknown}
 u - a +1 ring of slaying {unknown}
Scrolls
 h - a scroll of teleportation
 i - a scroll of magic mapping
 k - 2 scrolls of fog {unknown}
 p - 2 scrolls of remove curse {unknown}
 t - a scroll of enchant armour {unknown}
 x - a scroll of identify
 y - a scroll of amnesia {unknown}
Potions
 b - a potion of might
 g - 3 potions of curing
 j - a potion of mutation
 l - a potion of flight
 m - a potion of lignification
 n - a potion of magic
 o - 3 potions of cancellation
Comestibles
 f - 5 rations


   Skills:
 + Level 5.4 Fighting
 * Level 7.9 Axes
 - Level 2.0 Throwing
 - Level 3.2 Dodging


You had 5 spell levels left.
You didn't know any spells.
Your spell library contained the following spells:

 Spells                   Type           Power        Failure   Level  Hunger
 Animate Skeleton         Necr           N/A          63%         1    ##.....
 Pain                     Necr           #...         63%         1    ##.....
 Summon Small Mammal      Summ           #...         63%         1    ##.....
 Call Imp                 Summ           #.......     77%         2    ###....
 Call Canine Familiar     Summ           #.......     94%         3    ####...
 Regeneration             Chrm/Necr      #.........   94%         3    ####...
 Summon Guardian Golem    Hex/Summ       #.......     94%         3    ####...
 Vampiric Draining        Necr           #.........   94%         3    ####...
 Animate Dead             Necr           N/A          100%        4    #####..
 Summon Ice Beast         Ice/Summ       #.......     100%        4    #####..
 Summon Lightning Spire   Summ/Air       #.......     100%        4    #####..


Dungeon Overview and Level Annotations

Branches:
Dungeon (4/15)
 Temple: D:4-7

Altars:
Makhleb
Ru
Trog
The Shining One

Shops:
D:4 *


Innate Abilities, Weirdness & Mutations

You reflexively headbutt those who attack you in melee.
You have a pair of horns on your head.


Message History

You miss the killer bee.
The killer bee is severely wounded.
The killer bee completely misses you. You furiously retaliate!
You headbutt the killer bee, but do no damage.
The killer bee stings you but does no damage.
You completely miss the killer bee.
The killer bee is severely wounded.
The killer bee stings you!
* * * LOW HITPOINT WARNING * * *
The killer bee stings you but does no damage. x2
You miss the killer bee.
The killer bee is severely wounded.
The killer bee stings you!
* * * LOW HITPOINT WARNING * * *
The killer bee stings you but does no damage.
You fade into invisibility!
The killer bee misses you. You furiously retaliate!
You headbutt the killer bee, but do no damage.
The killer bee stings you!
You die...

....,*#.###########........#.####
.....*#......................#...
.....##..###+###..#..........'...
.........# #.# #.######....#.#...
.........###.###.######....#.#...
.........'.._..'yZ#Z.......#.####
.........#######yy.yo.....##.[...
.........# ### #y##.o.>...#####.#
#####....#*###*#@##.......# #.#
####.........#####.o.## #.#
##.######## **##''#*** #.# *.#
**≈≈≈..≈≈≈**#.. ****.#****
**≈≈≈≈..≈o≈≈*### *,,,,,,,,*
*#≈≈≈≈≈..≈≈≈≈≈**#
*,,,,,**,***≈≈≈≈≈≈..≈≈≈≈≈≈*#
*****,,,,,**,**≈≈≈≈≈≈≈..≈≈≈≈≈≈≈#
*,,,,,,,,,**,*≈≈≈≈≈≈≈≈..≈≈≈≈≈≈≈≈


You could see 4 killer bees and a centaur skeleton.

Vanquished Creatures
  Sigmund (D:2)
  A scorpion (D:4)
  A bullfrog skeleton (D:4)
  An orc wizard (D:3)
  Terence (D:2)
  A worker ant (D:4)
  Robin (D:2)
  4 adders
  An ooze (D:1)
  2 worms (D:3)
  3 dart slugs
  8 leopard geckos
  4 orcs (D:3)
  2 giant cockroaches
  14 goblins
  8 hobgoblins
  2 ball pythons
  4 bats
  3 frilled lizards
  10 kobolds
  A leopard gecko skeleton (D:4)
73 creatures vanquished.

Notes
Turn   | Place    | Note
-------+----------+-------------------------------------------
     0 | D:1      | Notair the Minotaur Gladiator began the quest for the Orb.
     0 | D:1      | Reached XP level 1. HP: 18/18 MP: 0/0
   125 | D:1      | Reached skill level 4 in Axes
   142 | D:1      | Reached XP level 2. HP: 14/25 MP: 1/1
   334 | D:1      | Found a glowing golden altar of the Shining One.
   781 | D:2      | Reached XP level 3. HP: 31/31 MP: 2/2
   830 | D:2      | Noticed Robin
   847 | D:2      | Reached skill level 5 in Axes
   853 | D:2      | Killed Robin
  1070 | D:2      | Found a bloodstained altar of Trog.
  1310 | D:2      | Noticed Sigmund
  1319 | D:2      | Killed Sigmund
  1319 | D:2      | Reached skill level 6 in Axes
  1319 | D:2      | Reached XP level 4. HP: 37/41 MP: 3/3
  1319 | D:2      | Reached XP level 5. HP: 42/47 MP: 4/4
  1358 | D:2      | Noticed Terence
  1366 | D:2      | Killed Terence
  1485 | D:2      | Found a burning altar of Makhleb.
  1636 | D:3      | Reached skill level 7 in Axes
  1636 | D:3      | Reached XP level 6. HP: 52/53 MP: 5/5
  1866 | D:3      | Reached skill level 5 in Fighting
  2154 | D:4      | Found Cylachuts's Assorted Antiques.
  2329 | D:4      | Found a sacrificial altar of Ru.
  2359 | D:4      | Noticed a hand axe
  2456 | D:4      | Slain by a killer bee

Vault maps used:
D:1:      matt_arrival_spirals, tso_metal_star
D:2:      lemuel_crystal_altar, bloody_trog, uniq_terence, uniq_robin,
          uniq_sigmund
D:3:      first_ration, grunt_ministairs_13
D:4:      kennysheep_big_flooded_room, dancing_weapons_uskayaw,
          lemuel_doored_altar, serial_shops, nicolae_shop_overgrown_old_shop,
          nrook_mini_vaults, serial_bayou_pond_e

Skill      XL: |  1  2  3  4  5  6 |
---------------+-------------------+-----
Axes           | 4 6 7 |  7.9
Fighting       | 3 4 5 |  5.4
Throwing       | |  2.0
Dodging        | |  3.2

Action                   |  1- 3 |  4- 6 || total
-------------------------+-------+-------++-------
Melee: War axe           |    76 |    87 ||   163
       Headbutt          |     7 |    12 ||    19
  Use: Scroll            |       |    10 ||    10
       Potion            |       |     1 ||     1
  Eat: Chunk             |       |     4 ||     4
Armor: Ring mail         |    17 |    44 ||    61
       Leather armour    |     1 |       ||     1
Dodge: Dodged            |    58 |    72 ||   130

Table legend:
 A = Non-vault XP
 B = Vault XP
 C = Vault XP percentage of total XP
 D = Non-vault monster count
 E = Vault monster count
 F = Vault count percentage of total count
                 A         B        C        D         E       F
            +---------+---------+-------+---------+---------+-------
      Total |     346 |     306 |  46.9 |      58 |      15 |  20.5
            +---------+---------+-------+---------+---------+-------
        D:1 |      38 |       0 |   0.0 |      19 |       0 |   0.0
        D:2 |      16 |     303 |  95.0 |       7 |      13 |  65.0
        D:3 |     130 |       3 |   2.3 |      26 |       2 |   7.1
        D:4 |     162 |       0 |   0.0 |       6 |       0 |   0.0
            +---------+---------+-------+---------+---------+-------
